 Dungeon Crawl Stone Soup version 0.22.1-1-ga44c0e5 (webtiles) character file.

2158 marthius the Cleaver (level 9, -12/70 HPs)
             Began as a Human Berserker on Oct 18, 2018.
             Was a Priest of Trog.
             Mangled by an orc warrior
             ... wielding a +0 glaive
              (17 damage)
             ... on level 7 of the Dungeon.
             The game lasted 00:39:39 (7596 turns).

marthius the Cleaver (Human Berserker)              Turns: 7596, Time: 00:39:40

Health: -12/70     AC:  6    Str: 19    XL:     9   Next: 57%
Magic:  9/9        EV: 12    Int:  9    God:    Trog [***...]
Gold:   175        SH:  9    Dex: 13    Spells: 8/8 levels left

rFire    . . .     SeeInvis .   G - +1 whip (elec)
rCold    . . .     Gourm    .   t - +0 shield
rNeg     . . .     Faith    .   d - +2 leather armour {rPois}
rPois    +         Spirit   .   (no helmet)
rElec    .         Reflect  .   u - +0 cloak
rCorr    .         Harm     .   (no gloves)
MR       .....                  (no boots)
Stlth    ++........             p - amulet of the acrobat
HPRegen  0.21/turn              (no ring)
MPRegen  0.11/turn              (no ring)

@: berserk cooldown, slowed, very slow
A: no striking features
a: Berserk, Trog's Hand, Renounce Religion


You were on level 7 of the Dungeon.
You worshipped Trog.
Trog was most pleased with you.
You were very hungry.

You visited 1 branch of the dungeon, and saw 7 of its levels.

You collected 275 gold pieces.
You spent 100 gold pieces at shops.

Inventory:

Hand Weapons
 a - a +2 hand axe
 j - a +0 dagger of speed
 w - a +0 blowgun
 x - a -3 mace
 z - a +0 scimitar
 C - a +0 mace
 G - a +1 whip of electrocution (weapon)
Missiles
 c - 47 arrows
 m - 8 tomahawks (quivered)
 y - 14 poisoned needles
Armour
 b - a +0 ring mail
 d - a +2 leather armour of poison resistance (worn)
 t - a +0 shield (worn)
 u - a +0 cloak (worn)
 A - a +0 plate armour
Jewellery
 p - an amulet of the acrobat (around neck)
 F - a +4 amulet of reflection {unknown}
Wands
 v - a wand of random effects (32)
 B - a wand of scattershot (5)
Scrolls
 g - a scroll of random uselessness
 h - 2 scrolls of teleportation
 i - 3 scrolls of remove curse
 l - a scroll of fear {unknown}
 n - 4 scrolls of identify
 s - a scroll of blinking
 D - 2 scrolls of summoning {unknown}
Potions
 e - 4 potions of agility {unknown}
 f - a potion of heal wounds {unknown}
 k - a potion of degeneration {unknown}
 o - a potion of ambrosia {unknown}
 r - 2 potions of lignification {unknown}
 E - a potion of flight {unknown}
 H - a potion of haste {unknown}
Comestibles
 q - 2 rations


   Skills:
 + Level 6.3 Fighting
 + Level 8.4 Axes
 + Level 3.4 Armour
 + Level 5.5 Dodging
 + Level 1.5 Stealth
 + Level 3.5 Shields


You had 8 spell levels left.
You didn't know any spells.
Your spell library was empty.

Dungeon Overview and Level Annotations

Branches:
Dungeon (7/15)             Temple (0/1) D:6

Altars:
Elyvilon
Gozag
Ru
Trog
Wu Jian
Xom

Shops:
D:4 *


Message History

The orc hits you.
* * * LOW HITPOINT WARNING * * *
You closely miss the orc warrior.
The orc warrior is almost dead.
The orc closely misses you. The orc warrior completely misses you.
You feel a strong urge to attack something.
You are no longer berserk.
You are exhausted.
You feel yourself slow down. The orc warrior completely misses you.
You hit the orc. Lightning courses through the orc!
You kill the orc!
Trog accepts your kill. The orc warrior barely misses you.
You block the orc warrior's attack.
Items here: )) [[[ †† You barely miss the orc warrior.
The orc warrior is almost dead.
The orc warrior hits you with a glaive!
You die...

#
#...############.####
#......o@............
.....>..#############
#########


You could see an orc warrior.

Vanquished Creatures
  Pikel (D:6)
  A sky beast (D:6)
  An orc warrior (D:6)
  2 ice beasts
  A slave (D:6)
  3 phantoms
  2 ogres
  A centaur (D:5)
  2 howler monkeys
  A bullfrog zombie (D:6)
  A jelly (D:6)
  3 orc priests
  A quasit (D:5)
  A bullfrog skeleton (D:6)
  A worker ant (D:5)
  6 iguanas
  4 orc wizards
  A killer bee zombie (D:6)
  7 gnolls
  5 adders
  2 oozes (D:5)
  2 adder zombies (D:6)
  A worm (D:5)
  A dart slug (D:1)
  8 leopard geckos
  18 orcs
  6 bats
  2 giant cockroaches
  9 hobgoblins (D:1)
  4 jackals (D:1)
  9 kobolds
  A ball python (D:1)
  A ball python skeleton (D:4)
  4 frilled lizards
  4 goblins
  A leopard gecko skeleton (D:6)
  7 rats
125 creatures vanquished.

Notes
Turn   | Place    | Note
-------+----------+-------------------------------------------
     0 | D:1      | marthius the Human Berserker began the quest for the Orb.
     0 | D:1      | Reached XP level 1. HP: 18/18 MP: 1/1
   303 | D:1      | Reached XP level 2. HP: 21/24 MP: 2/2
   517 | D:1      | Reached XP level 3. HP: 27/29 MP: 3/3
   771 | D:1      | Reached ** piety under Trog
  1363 | D:2      | Reached XP level 4. HP: 37/37 MP: 4/4
  1371 | D:2      | Reached skill level 4 in Axes
  1656 | D:2      | Reached XP level 5. HP: 5/42 MP: 5/5
  2404 | D:2      | Found a sacrificial altar of Ru.
  2600 | D:2      | Found a faded altar of an unknown god.
  3066 | D:2      | Found a shimmering altar of Xom.
  3066 | D:2      | Found an opulent altar of Gozag.
  3074 | D:2      | Found a white marble altar of Elyvilon.
  3077 | D:2      | Found an ornate altar of the Wu Jian Council.
  3079 | D:2      | Found a bloodstained altar of Trog.
  3934 | D:3      | Reached XP level 6. HP: 44/49 MP: 6/6
  3975 | D:4      | Noticed a phantom
  3986 | D:4      | Noticed a phantom
  4031 | D:4      | Found Caraj's General Store.
  4040 | D:4      | Bought a ration for 50 gold pieces
  4040 | D:4      | Bought a ration for 50 gold pieces
  4397 | D:5      | Entered Level 5 of the Dungeon
  4429 | D:5      | Killed a phantom
  4639 | D:5      | Reached skill level 5 in Axes
  4721 | D:5      | Reached XP level 7. HP: 14/55 MP: 7/7
  5091 | D:5      | Reached skill level 5 in Fighting
  5091 | D:5      | Reached skill level 1 in Stealth
  5646 | D:5      | Reached skill level 6 in Axes
  5646 | D:5      | Reached XP level 8. HP: 39/62 MP: 8/8
  6391 | D:6      | Reached *** piety under Trog
  6469 | D:6      | Found a staircase to the Ecumenical Temple.
  6790 | D:6      | Reached skill level 1 in Shields
  6823 | D:6      | Reached skill level 7 in Axes
  7040 | D:6      | Reached XP level 9. HP: 61/69 MP: 9/9
  7072 | D:6      | Found a shimmering altar of Xom.
  7144 | D:6      | Reached skill level 5 in Dodging
  7309 | D:6      | Noticed Pikel
  7330 | D:6      | Killed Pikel
  7330 | D:6      | Reached skill level 8 in Axes
  7589 | D:7      | HP: 4/105 [orc (4)]
  7596 | D:7      | Mangled by an orc warrior

Skill      XL: |  1  2  3  4  5  6  7  8  9 |
---------------+----------------------------+-----
Axes           | 4 5 6 7 8 |  8.4
Fighting       | 4 5 6 |  6.3
Dodging        | 3 4 5 |  5.5
Armour         | 3 |  3.4
Stealth        | 1 |  1.5
Shields        | 2 3 |  3.5

Action                   |  1- 3 |  4- 6 |  7- 9 || total
-------------------------+-------+-------+-------++-------
Melee: Hand axe          |    94 |   224 |   257 ||   575
       Mace              |       |       |     5 ||     5
       Whip              |       |       |    39 ||    39
Invok: Berserk           |     2 |     5 |     8 ||    15
       Trog's Hand       |       |     2 |     2 ||     4
  Use: Scroll            |       |     4 |     5 ||     9
  Eat: Chunk             |     2 |     6 |    11 ||    19
       Ration            |       |     3 |     2 ||     5
Armor: Animal skin       |    27 |     7 |       ||    34
       Ring mail         |       |    10 |       ||    10
       Leather armour    |       |    20 |    54 ||    74
Dodge: Dodged            |    77 |   157 |   148 ||   382
Block: Shield            |       |       |   105 ||   105
